 Dungeon Crawl Stone Soup version 0.20.0-10-g0535bb4 (webtiles) character file.

851 maniacrov the Ducker (level 8, 0/62 HPs)
             Began as a Merfolk Gladiator on June 6, 2017.
             Slain by Pikel
             ... wielding a +0 whip of flaming
              (2 damage)
             ... on level 4 of the Dungeon.
             The game lasted 00:15:54 (4105 turns).

maniacrov the Ducker (Merfolk Gladiator)            Turns: 4105, Time: 00:15:55

Health: 0/62       AC:  8    Str: 14    XL:     8   Next: 1%
Magic:  8/8        EV: 17    Int:  7    God:
Gold:   174        SH:  0    Dex: 18    Spells: 7/7 levels left

rFire    . . .     SeeInvis .   a - +1 long sword
rCold    . . .     Gourm    .   (no shield)
rNeg     . . .     Faith    .   b - +0 leather armour
rPois    .         Spirit   .   c - +1 helmet
rElec    .         Reflect  .   (no cloak)
rCorr    .         Harm     .   (no gloves)
MR       .....                  o - +2 pair of boots
Stlth    +.........             (no amulet)
Regen    0.2/turn               (no ring)
MPRegen  0.2/turn               (no ring)

@: no status effects
A: change form in water, swift swim, stealthy swim
a: no special abilities


You were on level 4 of the Dungeon.
You were not hungry.

You visited 1 branch of the dungeon, and saw 4 of its levels.

You collected 174 gold pieces.

Inventory:

Hand Weapons
 a - a +1 long sword (weapon)
Missiles
 d - 3 throwing nets
 j - 11 stones
 n - 3 tomahawks (quivered)
Armour
 b - a +0 leather armour (worn)
 c - a +1 helmet (worn)
 i - a +0 leather armour
 o - a +2 pair of boots (worn)
 p - a +0 leather armour
 v - a scarf of spirit shield
Jewellery
 g - an uncursed ring of ice {unknown}
 m - an uncursed ring of magical power {unknown}
Potions
 e - a potion of flight
Books
 h - a book of Cantrips

   Spells                             Type                      Level
   a - Confusing Touch                Hexes                        1
   b - Animate Skeleton               Necromancy                   1
   c - Summon Small Mammal            Summoning                    1
   d - Apportation                    Translocation                1
Comestibles
 f - 2 bread rations


   Skills:
 + Level 5.2 Fighting
 + Level 5.8 Long Blades
 + Level 4.4 Throwing
 - Level 0.1 Armour
 + Level 7.1 Dodging


You had 7 spell levels left.
You didn't know any spells.

Dungeon Overview and Level Annotations

Branches:
Dungeon (4/15)
 Temple: D:4-7

Altars:
Uskayaw

Shops:
D:4 ::

Annotations:
D:4 Pikel


Message History

Pikel misses you.
You closely miss Pikel.
Pikel is severely wounded.
Pikel hits you but does no damage.
You closely miss Pikel.
Pikel is severely wounded.
Pikel closely misses you. Pikel hits you with a whip of flaming.
* * * LOW HITPOINT WARNING * * *
Pikel burns you.
* * * LOW HITPOINT WARNING * * *
You hit Pikel.
Pikel is severely wounded.
Pikel hits you but does no damage.
You hit Pikel.
Pikel is almost dead.
Pikel hits you but does no damage.
You completely miss Pikel.
Pikel is almost dead.
Pikel hits you with a whip of flaming.
You die...

.# #§§§.K.....# .#
#§#######..# .# #§# #..# †##
#[# #..# <.# ##.#
#..######### #.#
#.p#######K.......... #.#
#..#.......####.....# #.#
#..#.#####.###$...... #.#
#.......@Kp.†.†.....(
#.#######....########..?.....
#............# #.#.....#
............#.# #.##....#
##.######..###.# #.# #.#.#
#........## #.### ... .M.#
#####...## #.. %#. ...
#.##.## #.## . . ##
#.###.###.#


You could see Pikel and a slave.

Vanquished Creatures
  Sigmund (D:2)
  Menkaure (D:4)
  3 slaves (D:4)
  A crimson imp (D:4)
  2 hounds (D:4)
  3 orc priests (D:3)
  2 orc wizards (D:3)
  An iguana (D:4)
  Natasha (D:2)
  5 worker ants (D:4)
  3 gnolls (D:4)
  5 adders
  An ooze (D:2)
  A worm (D:2)
  4 dart slugs
  3 leopard geckos
  9 orcs (D:3)
  5 bats
  2 giant cockroaches
  10 goblins
  4 hobgoblins
  3 jackals (D:2)
  9 kobolds
  2 quokkas
  2 ball pythons (D:1)
  6 frilled lizards
  9 rats
  A bush (D:2)
  A plant (D:2)
100 creatures vanquished.

Notes
Turn   | Place    | Note
-------+----------+-------------------------------------------
     0 | D:1      | maniacrov the Merfolk Gladiator began the quest for the Orb.
     0 | D:1      | Reached XP level 1. HP: 16/16 MP: 1/1
   164 | D:1      | Reached XP level 2. HP: 18/22 MP: 2/2
   584 | D:2      | Reached XP level 3. HP: 28/28 MP: 3/3
  1178 | D:2      | Noticed Sigmund
  1191 | D:2      | Killed Sigmund
  1191 | D:2      | Reached skill level 5 in Dodging
  1191 | D:2      | Reached XP level 4. HP: 19/36 MP: 4/4
  1191 | D:2      | Reached XP level 5. HP: 22/41 MP: 5/5
  1812 | D:2      | Noticed Natasha
  1819 | D:2      | Killed Natasha
  1819 | D:2      | Reached XP level 6. HP: 36/48 MP: 6/6
  1900 | D:3      | Found a hide-covered altar of Uskayaw.
  1948 | D:3      | Reached skill level 5 in Long Blades
  2346 | D:3      | Reached skill level 6 in Dodging
  2827 | D:3      | Reached XP level 7. HP: 54/54 MP: 7/7
  3193 | D:4      | Noticed Pikel
  3413 | D:4      | Found Upraimah's Book Emporium.
  3450 | D:4      | Found Mefuseil's Book Shoppe.
  3971 | D:4      | Noticed Menkaure
  3982 | D:4      | Reached skill level 5 in Fighting
  3988 | D:4      | Killed Menkaure
  3988 | D:4      | Reached skill level 7 in Dodging
  3988 | D:4      | Reached XP level 8. HP: 8/62 MP: 8/8
  4096 | D:4      | HP: 2/62 [Pikel/whip of flaming (3)]
  4102 | D:4      | HP: 2/62 [Pikel/whip of flaming (1)]
  4105 | D:4      | Slain by Pikel

Skill      XL: |  1  2  3  4  5  6  7 |
---------------+----------------------+-----
Long Blades    | 4 5 |  5.8
Fighting       | 3 4 5 |  5.2
Throwing       | 3 4 |  4.4
Dodging        | 5 6 7 |  7.1
Armour         | |  0.1

Action                   |  1- 3 |  4- 6 |  7- 9 || total
-------------------------+-------+-------+-------++-------
Melee: Long sword        |    72 |   232 |   144 ||   448
Throw: Stone             |     6 |     9 |       ||    15
       Throwing net      |     1 |       |       ||     1
       Tomahawk          |       |     3 |    10 ||    13
  Use: Scroll            |     6 |     2 |     5 ||    13
       Potion            |       |     5 |     2 ||     7
 Stab: Sleeping          |     2 |     1 |       ||     3
  Eat: Bread ration      |     1 |       |     1 ||     2
       Fruit             |       |     2 |     1 ||     3
       Royal jelly       |       |       |     1 ||     1
Armor: Leather armour    |    20 |    31 |    30 ||    81
Dodge: Dodged            |    49 |   111 |   121 ||   281
       Rpst.: Long sword |    22 |    30 |    39 ||    91
